 Dungeon Crawl Stone Soup version 0.29-a0-330-g52719c12eb (webtiles) character file.

Game seed: 17922350297882565348

44 kae the Firebug (level 3, 0/20 HPs)
             Began as a Tengu Fire Elementalist on Apr 14, 2022.
             Succumbed to an adder's poison
             ... on level 2 of the Dungeon.
             The game lasted 00:00:57 (1418 turns).

kae the Firebug (Tengu Fire Elementalist)           Turns: 1418, Time: 00:00:57

Health: 0/20       AC:  3    Str:  6 (8)  XL:     3   Next: 60%
Magic:  0/7        EV: 12    Int: 15 (17) God:
Gold:   53         SH:  0    Dex: 12 (14) Spells: 0/6 levels left

rFire   . . .      SeeInvis .   m - +2 dagger (protect)
rCold   . . .      Faith    .   (no shield)
rNeg    . . .      Spirit   .   a - +0 robe
rPois   .          Reflect  .   (helmet restricted)
rElec   .          Harm     .   k - +0 cloak
rCorr   .          Rampage  .   (no gloves)
Will    .....                   (boots unavailable)
Stlth   ++........              (no amulet)
HPRegen 0.06/turn               (no ring)
MPRegen 0.10/turn               (no ring)

@: mighty, lethally poisoned (0 -> -4)
A: beak, talons 3
a: no special abilities


You were on level 2 of the Dungeon.
You visited 1 branch of the dungeon, and saw 2 of its levels.

You collected 53 gold pieces.

Inventory:

Hand Weapons
 h - a +0 whip
 m - a +2 dagger of protection (weapon)
Armour
 a - a +0 robe (worn)
 k - a +0 cloak (worn)
Scrolls
 c - 2 scrolls of magic mapping
 g - 2 scrolls of identify
 i - a scroll of brand weapon {unknown}
 j - 2 scrolls of teleportation {unknown}
Potions
 b - a potion of magic
 d - a potion of brilliance
 f - a potion of might
 l - 2 potions of ambrosia {unknown}


   Skills:
 + Level 1.0 Fighting
 + Level 2.6 Dodging
 - Level 2.0 Stealth
 + Level 2.3 Spellcasting
 + Level 2.0 Conjurations
 * Level 3.9 Fire Magic


You couldn't memorise any spells.
You knew the following spells:

 Your Spells              Type           Power      Damage    Failure   Level
a - Foxfire               Conj/Fire      40%        2x1d6     6%          1
b - Scorch                Fire           26%        2d6       6%          2
c - Conjure Flame         Conj/Fire      10%        6-21      19%         3

Your spell library contained the following spells:

 Spells                   Type           Power      Damage    Failure   Level
 Inner Flame              Hex/Fire       7%         N/A       28%         3
 Flame Wave               Conj/Fire      10%        2d5       52%         4
 Gell's Gravitas          Tloc           1%         N/A       54%         3
 Teleport Other           Tloc           1%         N/A       54%         3
 Dispersal                Tloc           0%         N/A       100%        6


Dungeon Overview and Level Annotations

Branches:
Dungeon (2/15)

Altars:


Innate Abilities, Weirdness & Mutations

You have a beak for a mouth.
You have claws for feet.


Message History

The foxfire hits the adder.
The adder is moderately wounded.
The adder bites you. x3
You are poisoned.
The adder poisons you!
Casting: Foxfire (safe; 5% risk of failure)
Confirm with . or Enter, or press ? or * to list all spells.
You conjure some foxfire!
You feel sick. The adder bites you but does no damage. The adder bites you.
You feel sick.
The foxfire hits the adder.
The adder is lightly wounded.
The foxfire hits the adder.
The adder is heavily wounded.
The adder closely misses you. The adder bites you.
* * * LOW HITPOINT WARNING * * *
You are lethally poisoned!
The adder poisons you!
Casting: Foxfire (safe; 5% risk of failure)
Confirm with . or Enter, or press ? or * to list all spells.
You conjure some foxfire!
* * * LOW HITPOINT WARNING * * *
You feel sick. The adder misses you. x2
* * * LOW HITPOINT WARNING * * *
You feel sick.
The foxfire hits the adder.
You kill the adder!
The foxfire hits the adder.
The adder is heavily wounded.
The adder bites you but does no damage. The adder barely misses you.
Your Fighting skill increases to level 1!
Your Conjurations skill increases to level 2!
Unknown command.
Unknown command.
It was a potion of degeneration.
There was something very wrong with that liquid.
You feel weakened.
You feel dopey.
You feel clumsy.
* * * LOW HITPOINT WARNING * * *
You feel sick. The adder barely misses you.
It was a potion of might.
You feel very mighty all of a sudden.
You die...

..............# #####
##.######†###.###...# ##.#
*....,#.......#
...#**#.#.#.##......############
....,...............')........>##
####...,..#'##......#....).......
##,...,....,,#......#............
.#*#..,...,,,##.....#............
.# #.#*,,,,,,*#.@...#............
.# #.#*,,,,,,*#S.####.<..........
.# #.#*,,,,,,*##.# #............
.###.######.** #.## #............
)...........* #.w# #............
.##..#######* ##.###............
.##..# #..#######+###'## .##.##
##.## *,* #... .##+####**
##..#### *,* #.##


You could see a worm and an adder.

Vanquished Creatures
  An adder (D:2)
  A bat (D:1)
  2 endoplasms (D:1)
  7 goblins
  5 hobgoblins
  4 quokkas
  2 ball pythons
  A frilled lizard (D:1)
  4 kobolds
  4 rats
31 creatures vanquished.

Vanquished Creatures (others)
  87 foxfires
87 creatures vanquished.

Grand Total: 118 creatures vanquished

Notes
Turn   | Place    | Note
-------+----------+-------------------------------------------
     0 | D:1      | kae the Tengu Fire Elementalist began the quest for the
                  | Orb.
     0 | D:1      | Reached XP level 1. HP: 10/10 MP: 4/4
   429 | D:1      | Reached XP level 2. HP: 15/15 MP: 0/6
   998 | D:2      | Reached XP level 3. HP: 20/20 MP: 5/7
  1001 | D:2      | Learned a level 2 spell: Scorch
  1005 | D:2      | Learned a level 3 spell: Conjure Flame
  1417 | D:2      | Reached skill level 1 in Fighting
  1417 | D:2      | HP: 1/20 [poisoned by an adder]
  1418 | D:2      | Succumbed to an adder's poison

Illustrated notes

Levels and vault maps discovered:
D:1:      zelgadis_glass_arrival_small, layout_basic
D:2:      layout_basic

Skill      XL: |  1  2  3 |
---------------+----------+-----
Fighting       | 1 |  1.0
Conjurations   | 2 |  2.0
Dodging        | |  2.6
Stealth        | |  2.0
Spellcasting   | |  2.3
Fire Magic     | |  3.9

Action                   || total
-------------------------++-------
Melee: Whip              ||     1
       Kick              ||     1
 Cast: Foxfire           ||    49
       Scorch            ||     3
  Use: Scroll            ||     3
       Potion            ||     2
Armor: Robe              ||     4
Dodge: Dodged            ||    20

Table legend: (Time is in decaauts)
 A = Elapsed time spent in this place.
 B = Non-inter-level travel time spent in this place.
 C = Inter-level travel time spent in this place.
 D = Time resting spent in this place.
 E = Time spent auto-exploring this place.
 F = Levels seen in this place.
 G = Mean time per level.
                   A        B        C        D        E       F      G
               +--------+--------+--------+--------+--------+-----+--------+
         Total |   1416 |   1410 |      6 |      0 |   1164 |   2 |  708.0 |
       Dungeon |   1416 |   1410 |      6 |      0 |   1164 |   2 |  708.0 |
               +--------+--------+--------+--------+--------+-----+--------+

Top non-repeatable levels by time:
     D:1: 860 daAuts
     D:2: 556 daAuts
